 Dungeon Crawl Stone Soup version 0.30.0-20-g3615ddf2f0 (webtiles) character file.

Game seed: 17570721238466225241

82 qw the Chopper (level 4, -3/28 HPs)
             Began as a Gargoyle Fighter on May 30, 2023.
             Killed by divine providence
             ... invoked by an orc priest
              (12 damage)
             ... on level 3 of the Dungeon.
             The game lasted 00:00:54 (1770 turns).

qw the Chopper (Gargoyle Fighter)                   Turns: 1770, Time: 00:00:55

Health: -3/28      AC: 11    Str: 22    XL:     4   Next: 43%
Magic:  4/4        EV: 14    Int:  8    God:
Gold:   101        SH:  4    Dex:  9    Spells: 3/3 levels left

rFire   . . .        Y - +0 war axe
rCold   . . .        c - +0 buckler
rNeg    + . .        b - +0 scale mail
rPois   inf          (no helmet)
rElec   +            h - +0 cloak
rCorr   .            (no gloves)
SInv    .            (no boots)
Will    .....        (no amulet) Stlth
                     e - +5 ring of evasion
HPRegen 0.24/turn    (no ring)
MPRegen 0.09/turn

%: no passive effects
@: no status effects
A: sickness immunity, AC +3, negative energy resistance 1, electricity
resistance, torment resistance 1, petrification resistance
a: no special abilities


You were on level 3 of the Dungeon.
You visited 1 branch of the dungeon, and saw 3 of its levels.

You collected 101 gold pieces.


Innate Abilities, Weirdness & Mutations

You are immune to sickness and miasma.
Your stone body is resilient. (AC +3)
You are immune to poison.
You resist negative energy. (rN+)
You are resistant to electric shocks. (rElec)
You are resistant to unholy torment.
You are immune to petrification.


   Skills:
 - Level 3.2 Fighting
 + Level 4.1 Axes
 - Level 3.2 Armour
 - Level 3.2 Shields


You had 3 spell levels left.
You didn't know any spells.
Your spell library was empty.

Inventory:

Hand Weapons
 i - a +0 whip
 Y - a +0 war axe (weapon)
Armour
 b - a +0 scale mail (worn)
 c - a +0 buckler (worn)
 h - a +0 cloak (worn)
Jewellery
 e - a +5 ring of evasion (left hand)
Scrolls
 j - a scroll of identify {unknown}
Potions
 a - a potion of ambrosia {unknown}
 d - a potion of might
 f - a potion of curing
 g - a potion of cancellation {unknown}

Dungeon Overview and Level Annotations

Branches:
Dungeon (3/15)

Altars:


Message History

You hit the orc priest but do no damage.
The orc priest hits you but does no damage.
The adder bites you but does no damage.
The orc priest mumbles some strange prayers to Beogh against you.
Beogh smites you! The adder barely misses you.
You closely miss the orc priest. You barely miss the adder.
The adder barely misses you.
The orc priest hits you with a +0 hand axe.
You barely miss the orc priest. You barely miss the adder.
You block the adder's attack.
A ball python comes into view.
The orc priest closely misses you. The adder bites you but does no damage.
The ball python hisses angrily.
You hit the orc priest but do no damage.
You barely miss the adder.
The orc priest hits you with a +0 hand axe.
You block the adder's attack. The orc priest closely misses you.
The adder closely misses you.
You hit the orc priest but do no damage.
You barely miss the adder. The adder barely misses you.
The orc priest closely misses you.
You hit the orc priest.
The orc priest is lightly wounded.
You hit the adder. The adder bites you but does no damage.
You block the orc priest's attack. The adder bites you but does no damage.
You hit the orc priest but do no damage.
The orc priest is lightly wounded.
You closely miss the adder. The adder bites you.
The orc priest hits you but does no damage.
You block the adder's attack. The orc priest completely misses you.
You hit the orc priest.
The orc priest is moderately wounded.
You slash the adder! You slash the ball python!
You kill the ball python!
The adder bites you but does no damage.
The orc priest mumbles some strange prayers to Beogh against you.
Beogh smites you!
You die...

#...# #####...## ..........
....... ...... #..g# # #.So#
. # #.)@# . .# #...# .## #.#
#...#########.#
..###.#########.............
#......#.....(.####.#####.##
#.#......####..####.####
.........####..........#
#.?..#.........#.##.##.#
.........####..#.##.##.#


You could see an orc priest, an adder and a hobgoblin.

Vanquished Creatures
  2 adders (D:2)
  4 dart slugs (D:1)
  2 orcs (D:3)
  3 bats
  6 endoplasms
  A giant cockroach (D:1)
  12 goblins
  A hobgoblin (D:1)
  2 kobolds (D:2)
  5 quokkas
  5 ball pythons
  5 frilled lizards
  4 rats
52 creatures vanquished.

Notes
Turn   | Place    | Note
-------+----------+-------------------------------------------
     0 | D:1      | qw the Gargoyle Fighter began the quest for the Orb.
     0 | D:1      | Reached XP level 1. HP: 14/14 MP: 1/1
     0 | D:1      | 0 ||| qw: Version: 0.2-a-102-g2b76a06
     0 | D:1      | 0 ||| qw: Game counter: 481
     0 | D:1      | 0 ||| qw: Always use a shield: true
     0 | D:1      | 0 ||| qw: God list: Okawaru
     0 | D:1      | 0 ||| qw: Allow faded altars: false
     0 | D:1      | 0 ||| qw: Do Orc after D:15 true
     0 | D:1      | 0 ||| qw: Do second Lair branch before Depths: true
     0 | D:1      | 0 ||| qw: Lair rune preference: random
     0 | D:1      | 0 ||| qw: Plans: Normal, Zot:1-4, Slime:5, God:TSO, Crypt,
                  | Tomb, Pan, Hells, Abyss, Win
     0 | D:1      | 0 ||| PLANNING D:1-11
    90 | D:1      | Reached skill level 2 in Axes
    95 | D:1      | Reached XP level 2. HP: 17/19 MP: 2/2
   160 | D:1      | 160 ||| DROPPING +0 club.
   264 | D:1      | 264 ||| FLEEEEING.
   265 | D:1      | 265 ||| FLEEEEING.
   346 | D:1      | 346 ||| Stepping ~*~*~tactically~*~*~ (hiding).
   355 | D:1      | Reached skill level 3 in Axes
   501 | D:1      | Reached XP level 3. HP: 22/23 MP: 3/3
   586 | D:1      | 586 ||| Stepping ~*~*~tactically~*~*~ (stealth).
   931 | D:1      | 931 ||| UPGRADING to +0 cloak.
   936 | D:1      | 936 ||| UPGRADING to +5 ring of evasion.
   937 | D:1      | 937 ||| READING scroll labelled DAOWAR HOCSI.
   938 | D:1      | 938 ||| READING scroll labelled DEGE QIOREOX.
   939 | D:1      | 939 ||| DRINKING 2 emerald potions.
  1012 | D:2      | 1012 ||| FLEEEEING.
  1014 | D:2      | 1014 ||| STAIRDANCE
  1023 | D:1      | 1023 ||| READING scroll labelled JINOFU YSTUVUIXT.
  1253 | D:2      | Reached XP level 4. HP: 28/28 MP: 4/4
  1456 | D:2      | Reached skill level 4 in Axes
  1605 | D:2      | 1605 ||| READING scroll labelled YXUNAT KIOF.
  1606 | D:2      | 1606 ||| READING scroll labelled BUSAIMP DEUSE.
  1607 | D:2      | 1607 ||| READING scroll labelled HYTATO XE LUDI.
  1770 | D:3      | Killed from afar by an orc priest

Levels and vault maps discovered:
D:1:      evilmike_arrival_rings, layout_loops_ring, minmay_liquid_box,
          st_stairs_4, chequers_serial_rivers_micro_b
D:2:      layout_basic
D:3:      layout_loops_cross, nicolae_overflow_hidden_temple

Skill      XL: |  1  2  3  4 |
---------------+-------------+-----
Axes           | 2 3 4 |  4.1
Fighting       | |  3.2
Armour         | |  3.2
Shields        | |  3.2

Action                     |  1- 3 |  4- 6 || total
---------------------------+-------+-------++-------
  Melee: War axe           |   108 |    45 ||   153
    Use: Scroll            |     3 |     3 ||     6
         Potion            |     1 |       ||     1
 Armour: Scale mail        |    35 |    18 ||    53
  Dodge: Dodged            |    59 |    30 ||    89
  Block: Buckler           |    10 |     8 ||    18

Table legend:
 A = Non-vault XP
 B = Vault XP
 C = Vault XP percentage of total XP
 D = Non-vault monster count
 E = Vault monster count
 F = Vault count percentage of total count
                 A         B        C        D         E       F
            +---------+---------+-------+---------+---------+-------
      Total |     116 |       4 |   3.3 |      50 |       2 |   3.8
            +---------+---------+-------+---------+---------+-------
        D:1 |      51 |       4 |   7.3 |      25 |       2 |   7.4
        D:2 |      54 |       0 |   0.0 |      20 |       0 |   0.0
        D:3 |      11 |       0 |   0.0 |       5 |       0 |   0.0
            +---------+---------+-------+---------+---------+-------
